AoeStats
← 17_Neo_

Arabian Desert

509086154Analyzed
1v1 RM · 7d ago on Sep 25, 2026· 34m 58s· 2 players
Game mode
Random Map
Map size
Tiny (2 player)
Population
200
Speed
Normal
Resources
Standard
Victory
Conquest
Starting age
Dark Age
Ending age
Imperial Age
RankedLock teamsTeams togetherTeam positionsShared explorationLock speedFull tech treeHidden civsTurbo modeCheats
Victory
Defeat
🇨🇴 Mongols · Colombia
1638
+13
🇪🇸 Dravidians · Spain
1568
-13
ulivr
6:53 Loom
9:23 Feudal Age
9:30 Man-at-Arms
16:52 Scale Mail Armor
16:55 Padded Archer Armor
17:16 Double-Bit Axe
24:26 Castle Age
22:49 Fletching
24:07 Forging
24:30 Long Swordsman
25:39 Scale Mail Armor
29:47 Gambesons
30:21 Squires
31:10 Wheelbarrow
17_Neo_
8:22 Loom
10:34 Feudal Age
12:38 Fletching
12:38 Double-Bit Axe
12:34 Horse Collar
14:32 Padded Archer Armor
21:52 Castle Age
20:50 Gold Mining
21:06 Scale Barding Armor
21:46 Bloodlines
26:26 Forging
27:00 Elite Skirmisher
29:16 Iron Casting
29:19 Crossbowman
30:36 Bodkin Arrow
Connection lost

Rejoining the realm…

Still unreachable

The connection could not be restored.

Session expired

The server has moved on; the page needs a fresh start.